[Event "*** Titled Tuesday Blitz"]
[Site "Chess.com"]
[Date "2020.12.01"]
[Round "11"]
[White "Nemsko"]
[Black "ARTHURMOTIVATOR"]
[Result "1-0"]
[WhiteElo "2373"]
[BlackElo "2230"]
[TimeControl "180+1"]
[EndTime "12:04:58 PST"]
[Termination "Nemsko won by checkmate"]

1. e4 c6 2. d4 d5 3. e5 c5 4.
dxc5 e6 5. Be3 Nh6 6. Nf3 Nf5 7. c3 Nxe3 8. fxe3 Bxc5 9. Nd4 O-O 10. Bd3 Nc6 11. O-O Qg5 12. Kh1 Nxe5 13. b4 Bd6 14.
Nf3 Qxe3 15. Nxe5 Qxe5 16. g3 f5 17. Qc2 Bd7 18. Nd2 Rac8 19. Rac1 Bxb4 20. Nf3 Qxc3 21.
Qb1 Qa3 22. Ne5 Rxc1 23. Rxc1 Bc6 24. Nxc6 bxc6 25. Rxc6 e5 26. Kg2 e4 27. Be2 f4 28.
gxf4 Qe3 29. Qf1 Rxf4 30. Rc8+ Bf8 31. Qe1 Rf5 32. Kh1 Rf2 33. Qd1 Qxe2 34. Qxd5+ Rf7 35. Rxf8+ Kxf8 36. Qd8# 1-0

[Event "*** Titled Tuesday Blitz"]
[Site "Chess.com"]
[Date "2020.12.01"]
[Round "11"]
[White "OlifantCZ"]
[Black "anpospan"]
[Result "1-0"]
[WhiteElo "2272"]
[BlackElo "2407"]
[TimeControl "180+1"]
[EndTime "12:05:00 PST"]
[Termination "OlifantCZ won on time"]

1. c4 Nc6 2. g3 e5 3. Bg2 f5 4. Nc3 Nf6 5. d3 d6 6. e4 Be7 7.
Nge2 O-O 8. O-O Nd4 9. Nxd4 exd4 10. Nd5 Nxd5 11. exd5 Bf6 12. h4 Bd7 13. Bf4 Qe7 14. Qd2 Rae8 15. Rae1 Qf7 16. b4 b6 17. c5 Be5 18.
cxb6 Bxf4 19. Qxf4 axb6 20. Qxd4 Rxe1 21. Rxe1 f4 22. Qxf4 Qxf4 23. gxf4 Rxf4 24. Re7 Bb5 25. Bh3 Rxh4 26. Be6+ Kf8 27. Rxc7 Rxb4 28. Rf7+ Ke8 29. Rxg7 Bxd3 30. Rd7 Rb1+ 31. Kg2 Be4+ 32. f3 Rb2+ 33. Kg3 Bg6 34. Rxd6 b5 35. Rb6 Ke7 36. a4 b4 37.
a5 b3 38. a6 Bc2 39. Bg4 Ra2 40. d6+ Kf6 41. d7+ Ke7 42. Rb8 1-0

[Event "*** Titled Tuesday Blitz"]
[Site "Chess.com"]
[Date "2020.12.01"]
[Round "11"]
[White "Gulkov_Igor"]
[Black "KononenkoD"]
[Result "1/2-1/2"]
[WhiteElo "2502"]
[BlackElo "2391"]
[TimeControl "180+1"]
[EndTime "12:05:01 PST"]
[Termination "Game drawn by repetition"]

1. Nf3 c5 2. c4 Nc6 3. d4 cxd4 4. Nxd4 Nf6 5. Nc3 d5 6. cxd5 Nxd5 7. Nxc6 bxc6 8.
Bd2 e5 9. e4 Nb6 10. Be3 Be6 11. Be2 Be7 12. O-O O-O 13. Qc2 Qc8 14. Na4 Nxa4 15.
Qxa4 Qb7 16. b3 Rfd8 17. Rac1 Bd7 18. Bc5 Bxc5 19. Rxc5 Be8 20. Rxe5 Rd6 21. Bc4 Rad8 22. Ra5 c5 23. Qa3 Qxe4 24. Ra6 Bc6 25. Rxc6 Rxc6 26. Qxa7 Qf5 27. g3 h5 28. Qe7 Rcd6 29. a4 Qf6 30.
Qxf6 Rxf6 31. h4 Rd2 32. a5 Ra2 33. a6 Kf8 34. Kg2 Ke7 35. Kg1 Kd8 36. Kg2 Kc7 37. Kg1 Kb6 38. Kg2 Ka7 39. Kg1 Rf5 40. Kg2 g6 41. Bd3 Rf6 42. Bc4 Rf5 43. Bd3 Rf6 44. Bc4 Rf5 1/2-1/2

[Event "*** Titled Tuesday Blitz"]
[Site "Chess.com"]
[Date "2020.12.01"]
[Round "11"]
[White "VladimirBugayev"]
[Black "IngOscarArdila"]
[Result "0-1"]
[WhiteElo "2270"]
[BlackElo "2207"]
[TimeControl "180+1"]
[EndTime "12:05:01 PST"]
[Termination "IngOscarArdila won on time"]

1. e4 e5 2. Nf3 Nc6 3. d4 exd4 4. Nxd4 Nf6 5. Nxc6 bxc6 6. e5 Nd5 7. c4 Ne7 8. b3 Ng6 9. Bb2 Bb4+ 10. Nd2 Qe7 11.
a3 Nxe5 12. Bxe5 Qxe5+ 13. Be2 Bc3 14. Rb1 O-O 15. O-O d5 16. Nf3 Qf6 17. cxd5 Bf5 18.
Rc1 Bb2 19. Rxc6 Qe7 20. a4 Rad8 21. Bc4 Bc3 22. Nd4 Bc8 23. Nb5 Ba5 24. b4 Qxb4 25. Qb3 Qxb3 26. Bxb3 Bb7 27. Rc2 Bxd5 28. Bxd5 Rxd5 29.
Nxc7 Rd4 30. h3 Rxa4 31. Nd5 h6 32. Rb1 Rd8 33. Ne7+ Kh7 34. Rb7 Ra1+ 35. Kh2 Bb6 36. Nf5 Kg6 37. Nh4+ Kh5 38. Kg3 Rd3+ 39. Nf3 Kg6 40.
Rc4 h5 41. Kh2 Rxf3 42. gxf3 Ra2 43. Kg3 Bxf2+ 44. Kf4 Bb6 45. Rc6+ f6 0-1

[Event "*** Titled Tuesday Blitz"]
[Site "Chess.com"]
[Date "2020.12.01"]
[Round "11"]
[White "YIYUKI"]
[Black "gochatoria98"]
[Result "1-0"]
[WhiteElo "2329"]
[BlackElo "2176"]
[TimeControl "180+1"]
[EndTime "12:05:04 PST"]
[Termination "YIYUKI won by resignation"]

1. e4 c5 2. Nf3 e6 3. c4 Nc6 4.
Nc3 Nf6 5. Be2 e5 6. O-O d6 7. d3 g6 8. Bg5 Bg7 9. Nd2 h6 10.
Bxf6 Bxf6 11. Re1 O-O 12. Nf1 Be6 13. Ne3 Nd4 14. Ncd5 Bg7 15. b4 b6 16. a4 f5 17.
a5 f4 18. Nc2 f3 19. Bxf3 Nxf3+ 20. gxf3 bxa5 21. bxc5 dxc5 22. Nce3 Rf7 23. Kg2 Qg5+ 24.
Kh1 Raf8 25. Rg1 Qh5 26. Rg3 Rxf3 27. Ne7+ Kh7 28. Nxg6 R8f6 29. Ne7 Qe8 30. Rxf3 Qxe7 31. Nd5 Bxd5 32. cxd5 Rg6 33. Rg3 Rxg3 34. hxg3 Qc7 35.
Qg4 c4 36. dxc4 Qxc4 37. Qf5+ Kh8 38. Rxa5 a6 39. Kg2 1-0

[Event "*** Titled Tuesday Blitz"]
[Site "Chess.com"]
[Date "2020.12.01"]
[Round "11"]
[White "Sokoloco"]
[Black "Ranindu2003"]
[Result "0-1"]
[WhiteElo "2491"]
[BlackElo "2606"]
[TimeControl "180+1"]
[EndTime "12:05:05 PST"]
[Termination "Ranindu2003 won by resignation"]

1. b3 Nf6 2. Bb2 g6 3. Bxf6 exf6 4. c4 d5 5. cxd5 Qxd5 6. Nc3 Qa5 7. Nf3 Bg7 8. g3 O-O 9. Bg2 c5 10. O-O Nc6 11. Rc1 Be6 12. e3 Rad8 13. Qe2 Bf5 14. e4 Rfe8 15. d3 Bg4 16. Qe3 Nd4 17. Nd2 f5 18. h3 fxe4 19. hxg4 exd3 20. Qxd3 Ne2+ 21. Qxe2 Rxe2 22. Nc4 Qxc3 23. Rxc3 Bxc3 24. Bxb7 Rxa2 25. Bc6 Rb8 26. Ba4 Rb4 27. Nd6 c4 28. Rc1 cxb3 29. Be8 b2 30. Bxf7+ Kf8 31. Rf1 Ra1 0-1

[Event "*** Titled Tuesday Blitz"]
[Site "Chess.com"]
[Date "2020.12.01"]
[Round "11"]
[White "dpopadic"]
[Black "ondoko"]
[Result "1-0"]
[WhiteElo "2412"]
[BlackElo "2150"]
[TimeControl "180+1"]
[EndTime "12:05:05 PST"]
[Termination "dpopadic won on time"]

1. e4 c5 2. Nc3 d6 3. f4 g6 4.
Nf3 Bg7 5. Bc4 Nf6 6. h3 O-O 7.
d3 Nc6 8. O-O e6 9. Bb3 Rb8 10.
a4 a6 11. Qe1 b5 12. Bd2 c4 13.
dxc4 bxc4 14. Bxc4 Rxb2 15. Bb3 Qb6+ 16. Kh2 Nd7 17.
Qc1 Rxb3 18. cxb3 Qxb3 19. Rb1 Qc4 20. Qe1 Nc5 21. e5 dxe5 22. Nxe5 Nxe5 23. fxe5 Bb7 24. Nd1 Nd3 25. Qe2 Bxe5+ 26. Kh1 Qc6 27. Rxb7 Qxb7 28. Qxd3 Qc6 29. Bh6 Re8 30. Ne3 1-0

[Event "*** Titled Tuesday Blitz"]
[Site "Chess.com"]
[Date "2020.12.01"]
[Round "11"]
[White "Morshynska"]
[Black "amatatanav"]
[Result "0-1"]
[WhiteElo "2273"]
[BlackElo "2398"]
[TimeControl "180+1"]
[EndTime "12:05:07 PST"]
[Termination "amatatanav won by resignation"]

1. Nf3 Nf6 2. g3 c5 3. Bg2 g6 4. O-O Bg7 5. c4 O-O 6. Nc3 Nc6 7. d4 cxd4 8. Nxd4 Ng4 9. Nxc6 dxc6 10. Qb3 Qa5 11.
Bf4 Qh5 12. h3 Nf6 13. g4 Qa5 14. Qa4 Qb6 15. Qa3 Re8 16. b3 Nxg4 17. Na4 Qd4 18. e3 Qd7 19. Rad1 Qf5 20. hxg4 Qxg4 21. Bg3 h5 22.
Kh1 h4 23. Bh2 h3 24. Bxc6 bxc6 25. Rg1 Qf3+ 0-1

[Event "*** Titled Tuesday Blitz"]
[Site "Chess.com"]
[Date "2020.12.01"]
[Round "11"]
[White "bylavochka"]
[Black "KetiGrant"]
[Result "0-1"]
[WhiteElo "2260"]
[BlackElo "2390"]
[TimeControl "180+1"]
[EndTime "12:05:08 PST"]
[Termination "KetiGrant won by resignation"]

1. e4 c5 2. Nf3 Nc6 3. d4 cxd4 4. Nxd4 e5 5. Nb5 d6 6. N1c3 a6 7. Na3 Be7 8. Nd5 Nf6 9. Nc4 Nxe4 10. f3 Nf6 11. Nxe7 Kxe7 12. Bg5 Be6 13. Ne3 Qa5+ 14. c3 h6 15. Bxf6+ gxf6 16. Bd3 Qc5 17. Qd2 Kd7 18.
O-O-O Ne7 19. Kb1 Rad8 20. b4 Qc6 21. Be4 Qa4 22. c4 Kc7 23. Bc2 Qa3 24. Bb3 Nc6 25.
Nc2 Bf5 26. b5 Nd4 27. Qc1 Qc5 28. Kb2 Bxc2 29. Bxc2 f5 30. Bb3 Kb8 31. bxa6 bxa6 32. f4 Ka7 33. fxe5 dxe5 34. Rhe1 Rb8 35. Qc3 f6 36. Ka1 Nxb3+ 37. axb3 Qa3+ 38. Kb1 Rxb3+ 0-1

[Event "*** Titled Tuesday Blitz"]
[Site "Chess.com"]
[Date "2020.12.01"]
[Round "11"]
[White "Skatchkov_V"]
[Black "QuintilianoR"]
[Result "0-1"]
[WhiteElo "2500"]
[BlackElo "2633"]
[TimeControl "180+1"]
[EndTime "12:05:09 PST"]
[Termination "QuintilianoR won by resignation"]

1. d4 d5 2. c4 c6 3. Nf3 Nf6 4. Nc3 dxc4 5. a4 Bf5 6. Ne5 Nbd7 7. Nxc4 Nb6 8. Ne5 a5 9. h4 h6 10. f3 e6 11. e4 Bh7 12. Be3 Nfd7 13. Nc4 Nxc4 14.
Bxc4 Bb4 15. g4 Qc7 16. Kf2 e5 17. d5 Bc5 18. Bxc5 Nxc5 19. Kg2 O-O 20. Rc1 Rad8 21. Qe2 Qe7 22. Qf2 Kh8 23. Rhd1 Bg6 24. Ne2 Nxe4 25.
fxe4 Bxe4+ 26. Kh2 cxd5 27. Ng3 Qxh4+ 28. Kg1 dxc4 29.
Rxd8 Rxd8 30. Nxe4 Qxg4+ 31. Qg2 Qxg2+ 32. Kxg2 f5 33. Nc5 Rd2+ 34. Kf3 Rxb2 35. Rxc4 g5 36. Ne6 Rb3+ 37.
Kg2 e4 38. Rc7 f4 39. Nf8 Kg8 40. Nd7 Rb2+ 41. Kh3 e3 42. Nf6+ Kf8 43. Rd7 Rb6 44.
Nh7+ Ke8 45. Kg4 Kxd7 46. Nf8+ Ke8 47. Nh7 Kf7 0-1

[Event "*** Titled Tuesday Blitz"]
[Site "Chess.com"]
[Date "2020.12.01"]
[Round "11"]
[White "1977Ivan"]
[Black "dretch"]
[Result "0-1"]
[WhiteElo "2680"]
[BlackElo "2824"]
[TimeControl "180+1"]
[EndTime "12:05:11 PST"]
[Termination "dretch won by resignation"]

1. d4 d5 2. Nf3 Nf6 3. e3 c5 4. c3 e6 5. Nbd2 Nbd7 6. Bd3 Bd6 7.
O-O O-O 8. e4 cxd4 9. cxd4 dxe4 10. Nxe4 Be7 11. Re1 b6 12. Nc3 Bb7 13. a3 Rc8 14.
Bg5 Nd5 15. Bxe7 Nxe7 16. h4 Nf6 17. Ne5 Nc6 18. Nxc6 Rxc6 19. Re3 Rd6 20. Ne2 Ng4 21. Rh3 e5 22. Qd2 exd4 23. Qf4 Nf6 24. Rd1 Re8 25.
Ng3 Rde6 26. Nf5 Re1+ 27. Rxe1 Rxe1+ 28. Kh2 h5 29. f3 g6 30. Rg3 Bd5 31. Qxd4 Kh7 32.
Ne3 Qd6 33. Nxd5 Nxd5 34. Be4 Qf4 35. Qxd5 Qxh4+ 36. Rh3 Qf4+ 37. Rg3 h4 38. Qh5+ Kg7 0-1

[Event "*** Titled Tuesday Blitz"]
[Site "Chess.com"]
[Date "2020.12.01"]
[Round "11"]
[White "Volodar_Murzin"]
[Black "AlexeiShirov"]
[Result "1/2-1/2"]
[WhiteElo "2607"]
[BlackElo "2832"]
[TimeControl "180+1"]
[EndTime "12:05:11 PST"]
[Termination "Game drawn by repetition"]

1. e4 c5 2. Nf3 Nc6 3. Bb5 g6 4. Bxc6 dxc6 5. O-O Bg7 6. d3 Nf6 7. Nbd2 O-O 8. Re1 Bg4 9. h3 Bxf3 10. Nxf3 Nd7 11. e5 e6 12. Re4 Qb6 13. a4 Rae8 14. a5 Qd8 15. Bg5 f6 16. exf6 Nxf6 17. Qe2 Qd6 18.
Bxf6 Bxf6 19. c3 Rf7 20. Re1 Rfe7 21. Qe3 b5 22. axb6 axb6 23. Nd2 Qd5 24. Nc4 b5 25. Ne5 Rd8 26. Ng4 Bg7 27. Rxe6 Rxe6 28. Qxe6+ Qxe6 29.
Rxe6 Rxd3 30. Rxc6 Rd1+ 31. Kh2 Rb1 32. Rc8+ Kf7 33.
Rc7+ Kg8 34. Rxc5 Rxb2 35. f4 b4 36. cxb4 Rxb4 37. Rc8+ Kf7 38. Rc7+ Kg8 39. Kg3 Rb3+ 40. Kh2 Rb4 41. Rc8+ Kf7 42. Rc7+ Kg8 1/2-1/2

[Event "*** Titled Tuesday Blitz"]
[Site "Chess.com"]
[Date "2020.12.01"]
[Round "11"]
[White "MF1966Idrisov"]
[Black "Agibileg"]
[Result "0-1"]
[WhiteElo "2379"]
[BlackElo "2519"]
[TimeControl "180+1"]
[EndTime "12:05:11 PST"]
[Termination "Agibileg won by resignation"]

1. Nf3 Nf6 2. b3 g6 3. Bb2 Bg7 4. c4 O-O 5. g3 b6 6. Bg2 Bb7 7. O-O d6 8. d4 Nbd7 9. Nc3 Ne4 10. Nxe4 Bxe4 11. Qd2 c5 12. d5 Nf6 13. h3 Qd7 14. Kh2 b5 15. Ne1 Bxg2 16. Nxg2 bxc4 17. bxc4 Rab8 18.
Bxf6 Bxf6 19. Rab1 Qa4 20. Ne3 Bd4 21. Rxb8 Rxb8 22.
Qc2 Qxc2 23. Nxc2 Rb2 24. Nxd4 cxd4 25. Rd1 Rxe2 26. Kg2 Rxa2 27. Rxd4 Rc2 28. Kf3 a5 29. Ke3 a4 30. c5 Rxc5 31. Rxa4 Rxd5 32. h4 h5 33.
Ra8+ Kg7 34. Ke4 Rf5 35. Ke3 Re5+ 36. Kf3 d5 37. Rd8 e6 38. Rd7 Kf6 39. Kg2 Re2 40. Kf3 Ra2 41. Ke3 Ra3+ 42. Ke2 Ra5 43. f4 Ra3 44. Kf2 Kg7 45. Kg2 Kf8 46. Rb7 Ke8 47. Kf2 Rc3 48. Rb8+ Kd7 49. Rf8 Ke7 50. Rb8 Rc7 51.
Ke3 Kf6 52. Rb3 Kf5 53. Kf3 f6 54. Ra3 d4 55. Ra5+ e5 56. fxe5 fxe5 57. Ra8 Rc3+ 58. Kf2 Kg4 59. Rg8 Rc2+ 60. Ke1 e4 61. Rxg6+ Kf3 62.
Rg5 d3 63. Rxh5 e3 64. Rf5+ Kxg3 65. Kd1 e2+ 66. Ke1 Rc1+ 67. Kd2 Rd1+ 0-1

[Event "*** Titled Tuesday Blitz"]
[Site "Chess.com"]
[Date "2020.12.01"]
[Round "11"]
[White "Dreamer_01"]
[Black "Zq1"]
[Result "1-0"]
[WhiteElo "2378"]
[BlackElo "2537"]
[TimeControl "180+1"]
[EndTime "12:05:11 PST"]
[Termination "Dreamer_01 won by resignation"]

1. d4 Nf6 2. g3 c5 3. d5 e6 4. c4 exd5 5. cxd5 b5 6. Bg2 d6 7.
e4 Bb7 8. Ne2 Nbd7 9. a4 b4 10.
b3 Be7 11. O-O O-O 12. Nd2 a5 13. Bb2 Ba6 14. Rc1 Ng4 15. Nc4 Bxc4 16. Rxc4 Bf6 17. Rc2 Bxb2 18. Rxb2 Qf6 19. Rc2 Rac8 20. h3 Nge5 21. f4 Ng6 22. h4 Rfe8 23. Qd3 c4 24.
Rxc4 Rxc4 25. Qxc4 Nc5 26. e5 Qe7 27. Nd4 dxe5 28.
Nf5 Qa7 29. Kh1 exf4 30. d6 Ne5 31. Qd4 f3 32. Bxf3 Qb6 33. Ne7+ Kf8 34. Qxe5 Nd3 35. Qf5 Qxd6 36. Bc6 1-0

[Event "*** Titled Tuesday Blitz"]
[Site "Chess.com"]
[Date "2020.12.01"]
[Round "11"]
[White "scarabee43"]
[Black "AniJak"]
[Result "1-0"]
[WhiteElo "2560"]
[BlackElo "2389"]
[TimeControl "180+1"]
[EndTime "12:05:12 PST"]
[Termination "scarabee43 won by resignation"]

1. Nf3 d5 2. e3 Nf6 3. c4 c6 4. Nc3 e6 5. b3 Nbd7 6. Bb2 Bd6 7. Be2 O-O 8. O-O e5 9. cxd5 cxd5 10. Nb5 Bb8 11. Ba3 Re8 12. Nd6 Bxd6 13. Bxd6 b6 14. Rc1 e4 15. Nd4 Bb7 16. Rc7 Nc5 17. Bg3 Rc8 18. Rxc8 Qxc8 19. Nb5 Qa8 20. Nc7 Qd8 21. Nxe8 Nxe8 22. Qc2 h6 23. d4 exd3 24. Bxd3 d4 25. Rd1 Qd5 26. Bf1 d3 27. Qc3 Nf6 28. Qd4 Qh5 29. Qd8+ Kh7 30. Bxd3+ Nxd3 31. Qxd3+ Be4 32. Qd4 Qg5 33. f3 Bg6 34. Bh4 Qf5 35. Bxf6 gxf6 36. e4 Qa5 37. Qxf6 Qxa2 38. Rd8 Qb2 39. Qxb2 1-0

[Event "*** Titled Tuesday Blitz"]
[Site "Chess.com"]
[Date "2020.12.01"]
[Round "11"]
[White "canary2016"]
[Black "Nils_03"]
[Result "0-1"]
[WhiteElo "2004"]
[BlackElo "2246"]
[TimeControl "180+1"]
[EndTime "12:05:13 PST"]
[Termination "Nils_03 won on time"]

1. d4 d5 2. c4 e6 3. Nc3 c6 4.
Nf3 dxc4 5. e4 b5 6. a4 Bb4 7. Qc2 Nf6 8. Be2 Bb7 9. O-O Bxc3 10. bxc3 O-O 11. Ba3 Re8 12. Rfd1 Nbd7 13. Bd6 Nb6 14. e5 Nfd5 15. axb5 cxb5 16. Rdb1 a6 17. Nd2 Nf4 18.
Ne4 Bxe4 19. Qxe4 Nxe2+ 20. Qxe2 Nd5 21. Qf3 Qd7 22. Rb2 a5 23. Rab1 b4 24. cxb4 c3 25. Rc2 axb4 26. Bxb4 Nxb4 27. Rxc3 Qxd4 28. Rcb3 h6 29.
h3 Nd5 30. Qg3 Nf4 31. Qf3 Qxe5 32. Rb4 Ng6 33. Rb5 Qd4 34. Rb7 Qf6 0-1

[Event "*** Titled Tuesday Blitz"]
[Site "Chess.com"]
[Date "2020.12.01"]
[Round "11"]
[White "AryanTari"]
[Black "Vincent_Vega95"]
[Result "1-0"]
[WhiteElo "2910"]
[BlackElo "2768"]
[TimeControl "180+1"]
[EndTime "12:05:15 PST"]
[Termination "AryanTari won by resignation"]

1. e4 c5 2. Nf3 Nc6 3. Bb5 Nf6 4. Nc3 Qc7 5. O-O Nd4 6. Re1 a6 7. Bf1 Ng4 8. g3 Nxf3+ 9. Qxf3 Ne5 10. Qd1 e6 11. d3 d6 12. f4 Nc6 13. Be3 Be7 14.
Bg2 O-O 15. Rf1 Bd7 16. Qd2 b5 17.
Rae1 Rad8 18. f5 Bf6 19. g4 Bd4 20. Bxd4 cxd4 21. f6 gxf6 22. Ne2 Ne5 23. Rxf6 Qc5 24. b4 Qc7 25. Nxd4 Rc8 26. h3 a5 27. a3 Qc3 28. Qe3 Qxa3 29. bxa5 Qxa5 30. Ref1 Qb6 31.
Kh1 Nc6 32. Qg5+ Kh8 33. Nf3 Rg8 34. Qh6 Rg7 35. Ng5 Be8 36. Nxe6 Rg8 37. Rxf7 1-0

[Event "*** Titled Tuesday Blitz"]
[Site "Chess.com"]
[Date "2020.12.01"]
[Round "11"]
[White "FrostNova"]
[Black "GukeshDommaraju"]
[Result "1-0"]
[WhiteElo "3026"]
[BlackElo "2903"]
[TimeControl "180+1"]
[EndTime "12:05:17 PST"]
[Termination "FrostNova won by checkmate"]

1. e4 c6 2. Nf3 d5 3. d3 dxe4 4. dxe4 Qxd1+ 5. Kxd1 Nf6 6. Nfd2 g5 7. a4 g4 8. a5 Be6 9. Na3 Nbd7 10. Bc4 Nc5 11. Bxe6 Nxe6 12. Nac4 O-O-O 13. Re1 Bh6 14. Ra3 Nc5 15.
f3 gxf3 16. gxf3 Rhg8 17. b4 Na6 18. Ne5 Rg2 19. Rd3 Rxd3 20. Nxd3 Rxh2 21. Rg1 Kd7 22. Nf1 Rh3 23. Bb2 Nh5 24. Rg8 Nf4 25. Ne5+ Ke6 26. Ng4 Rxf3 27. Nfe3 Rh3 28. Nf5 Rh1+ 29. Kd2 Nxb4 30.
Nfxh6 Rg1 31. Nf5 Rg2+ 32. Ke3 Ng6 33. Rd8 Nxc2+ 34. Kd3 Ne1+ 35. Kc4 f6 36. Nd4+ Kf7 37. Nh6+ Kg7 38. Ndf5# 1-0

[Event "*** Titled Tuesday Blitz"]
[Site "Chess.com"]
[Date "2020.12.01"]
[Round "11"]
[White "RobPeresian"]
[Black "rychessmaster1"]
[Result "0-1"]
[WhiteElo "2436"]
[BlackElo "2567"]
[TimeControl "180+1"]
[EndTime "12:05:19 PST"]
[Termination "rychessmaster1 won on time"]

1. Nf3 d5 2. d4 Nf6 3. c4 c6 4.
Nc3 dxc4 5. e3 Bf5 6. Bxc4 e6 7. O-O Nbd7 8. Qe2 Nb6 9. Bb3 Bb4 10. e4 Bg6 11. Bc2 O-O 12. Bf4 Re8 13. a3 Bf8 14. Rfd1 Nh5 15. Bg5 Be7 16. Be3 Qc7 17. Ne5 Nf6 18.
Nxg6 hxg6 19. f4 Rad8 20. b4 Nh5 21. g3 Ra8 22. Bb3 Nf6 23. Kg2 a5 24. b5 Nbd7 25. bxc6 bxc6 26. Rdc1 Qb7 27. Bc2 Reb8 28. Qf3 Qc8 29.
Na4 Rb5 30. Bd3 Rb3 31. Bc4 Rb7 32. f5 gxf5 33. exf5 e5 34. Bd3 Rab8 35. Rxc6 Qe8 36. Rac1 Bxa3 37. R1c3 Bb4 38. Rc8 Rxc8 39. Qxb7 Bxc3 40.
Bb5 exd4 41. Bg5 Qe4+ 42. Qxe4 Nxe4 43. Bxd7 Rb8 44. Bf4 Rb4 0-1

[Event "*** Titled Tuesday Blitz"]
[Site "Chess.com"]
[Date "2020.12.01"]
[Round "11"]
[White "chessdjw"]
[Black "Kretov_Evgenij"]
[Result "1-0"]
[WhiteElo "2654"]
[BlackElo "2504"]
[TimeControl "180+1"]
[EndTime "12:05:21 PST"]
[Termination "chessdjw won by resignation"]

1. d4 Nf6 2. c4 c5 3. e3 cxd4 4. exd4 d5 5. Nc3 e6 6. Nf3 Be7 7. cxd5 Nxd5 8. Bd3 Nc6 9. O-O O-O 10. Re1 Bf6 11. Be4 Nce7 12. h4 g6 13. Bh6 Bg7 14.
Qd2 Bd7 15. Bxg7 Kxg7 16. Bxd5 Nxd5 17. Nxd5 exd5 18. h5 Qf6 19. h6+ Kg8 20. Ne5 Bf5 21. Rac1 g5 22. Rc7 Qxh6 23. Rxb7 Qf6 24. Qa5 a6 25.
Qxd5 Be6 26. Qe4 Rad8 27. Rb6 Qg7 28. Rxa6 Bd5 29. Qf5 h5 30. Nd7 Be6 31. Raxe6 fxe6 32. Qxe6+ Rf7 33. Ne5 Rxd4 34. Qxf7+ Qxf7 35. Nxf7 Kxf7 36. Ra1 Rb4 37. b3 Kf6 38. f3 Kf5 39. Kf2 g4 40.
Rh1 Kg5 41. Rc1 gxf3 42. Rc5+ Kg6 43. Kxf3 h4 44. Rc4 Rb8 45. Rxh4 Ra8 46. a4 Kg5 47. Rf4 Rb8 48. b4 Ra8 49. b5 Rb8 50. Rb4 Kf5 51. b6 Ke5 52. a5 Kd5 53. a6 Kc5 54. a7 Rf8+ 55. Ke2 Kxb4 56. b7 Kc5 57. b8=Q 1-0

[Event "*** Titled Tuesday Blitz"]
[Site "Chess.com"]
[Date "2020.12.01"]
[Round "11"]
[White "TheCairnTerrier"]
[Black "TheKingDoctor"]
[Result "1-0"]
[WhiteElo "2150"]
[BlackElo "2052"]
[TimeControl "180+1"]
[EndTime "12:05:22 PST"]
[Termination "TheCairnTerrier won on time"]

1. e4 c5 2. Nf3 g6 3. g3 Bg7 4. Bg2 Nc6 5. O-O d6 6. c3 e5 7. a4 Nge7 8. Na3 O-O 9. Nc4 a6 10. d3 Rb8 11. Nh4 b5 12. axb5 axb5 13. Ne3 b4 14.
Bd2 bxc3 15. bxc3 Be6 16. f4 exf4 17. gxf4 Bd7 18. f5 Nxf5 19. Nhxf5 gxf5 20. Nxf5 Bxf5 21. Rxf5 Ne5 22. Bg5 Qc7 23. Bf6 Ng6 24. Qg4 Rb2 25. h4 Qb6 26. h5 Rb1+ 27. Kh2 Rxa1 28. Bxg7 Kxg7 29. Qg5 1-0

[Event "*** Titled Tuesday Blitz"]
[Site "Chess.com"]
[Date "2020.12.01"]
[Round "11"]
[White "Mbneu"]
[Black "Qvalda"]
[Result "1/2-1/2"]
[WhiteElo "2336"]
[BlackElo "2437"]
[TimeControl "180+1"]
[EndTime "12:05:24 PST"]
[Termination "Game drawn by repetition"]

1. d4 d5 2. c4 dxc4 3. Nf3 Nf6 4. Nc3 a6 5. a4 e6 6. g3 c5 7.
Bg2 cxd4 8. Qxd4 Qxd4 9. Nxd4 Bc5 10. Nc2 Nbd7 11. Ne3 Bxe3 12. Bxe3 O-O 13. O-O Ne5 14. Rfd1 Nc6 15. Bc5 Re8 16. a5 e5 17. Rd6 Be6 18. Bxc6 bxc6 19. Rxc6 Rec8 20. Rxc8+ Rxc8 21. Bb6 Nd5 22. Rd1 Nxc3 23. bxc3 h5 24. Rd8+ Rxd8 25. Bxd8 f6 26.
Be7 Kf7 27. Bb4 g5 28. h4 gxh4 29. gxh4 Kg6 30. Kh2 Kf5 31. Kg3 Bd5 32. f3 Kg6 33. e4 Be6 34. Bc5 Bf7 35. Bb4 Be6 36. Bc5 Bf7 37.
Bb4 Be6 1/2-1/2

[Event "*** Titled Tuesday Blitz"]
[Site "Chess.com"]
[Date "2020.12.01"]
[Round "11"]
[White "rududuyk"]
[Black "Chessbard1972"]
[Result "1-0"]
[WhiteElo "2241"]
[BlackElo "2352"]
[TimeControl "180+1"]
[EndTime "12:05:25 PST"]
[Termination "rududuyk won by checkmate"]

1. e4 c5 2. Nc3 a6 3. a4 Nc6 4. f4 e6 5. Nf3 d5 6. e5 Nh6 7. g3 Nf5 8. Bg2 h5 9. d3 Qb6 10. O-O c4+ 11. Kh1 h4 12. g4 Ng3+ 13. hxg3 hxg3+ 14. Bh3 Rxh3+ 15. Kg2 Rh8 16. Kxg3 cxd3 17. cxd3 Bc5 18.
a5 Qa7 19. Na4 Bb4 20. Nb6 Rb8 21. Be3 Bxa5 22. Nxd5 b6 23. Nc3 Qe7 24. Ne4 Bb4 25. Qa4 b5 26. Qc2 Bb7 27. Rh1 Rg8 28. Bc5 Bxc5 29.
Nxc5 Rc8 30. Ne4 Kf8 31. Nd6 Rd8 32. Qc5 Ba8 33. Ng5 f6 34. Nh7# 1-0

[Event "*** Titled Tuesday Blitz"]
[Site "Chess.com"]
[Date "2020.12.01"]
[Round "11"]
[White "xamax2000"]
[Black "esapunov"]
[Result "0-1"]
[WhiteElo "2656"]
[BlackElo "2803"]
[TimeControl "180+1"]
[EndTime "12:05:28 PST"]
[Termination "esapunov won by checkmate"]

1. e4 c5 2. Nf3 d6 3. Bb5+ Nd7 4. d4 Nf6 5. Nc3 cxd4 6. Qxd4 e5 7. Qd3 h6 8. Nd2 a6 9. Bxd7+ Bxd7 10. Nc4 Be6 11.
a4 Rc8 12. Ne3 Qc7 13. O-O Be7 14. Rd1 O-O 15. a5 g6 16. Bd2 Kg7 17. Be1 Rfd8 18.
Qe2 h5 19. f3 Qd7 20. Na4 Qb5 21. Qxb5 axb5 22. Nb6 Rc6 23. Bh4 Ng8 24. Bf2 Bg5 25. c3 f5 26. Ned5 Nf6 27. Nxf6 Kxf6 28. Nd5+ Kf7 29.
Bb6 Rd7 30. Kf2 Rc4 31. Be3 Bd8 32. exf5 gxf5 33. a6 bxa6 34. Rxa6 f4 35. Bc1 Rc5 36.
Nb4 d5 37. Nc6 Bf6 38. Re1 d4 39. cxd4 exd4 40. Bxf4 Rc2+ 41. Kg3 h4# 0-1

[Event "*** Titled Tuesday Blitz"]
[Site "Chess.com"]
[Date "2020.12.01"]
[Round "11"]
[White "TC2304"]
[Black "esskeettit"]
[Result "1-0"]
[WhiteElo "2359"]
[BlackElo "2446"]
[TimeControl "180+1"]
[EndTime "12:05:28 PST"]
[Termination "TC2304 won by resignation"]

1. d4 Nf6 2. Bg5 e6 3. e4 h6 4.
Bxf6 Qxf6 5. c3 d5 6. Nd2 Qd8 7. Ngf3 c5 8. exd5 exd5 9. Bb5+ Bd7 10. Qe2+ Be7 11. Ne5 O-O 12. Ndf3 cxd4 13. Nxd4 Bxb5 14. Qxb5 Bf6 15. f4 Bxe5 16. fxe5 Qh4+ 17. g3 Qe4+ 18. Kf2 Nc6 19. Rad1 Nxe5 20. Rhe1 Ng4+ 21. Kg1 Qg6 22.
Qxd5 Rae8 23. Qf3 Qh5 24. Re2 Rxe2 25. Qxe2 Qg5 26. Re1 h5 27. Nf3 Qc5+ 28. Kg2 Nf6 29. Nd4 Qd5+ 30. Qf3 Qxa2 31. Re2 Qc4 32. Rf2 a5 33.
Nf5 Qd5 34. Ne7+ 1-0

[Event "*** Titled Tuesday Blitz"]
[Site "Chess.com"]
[Date "2020.12.01"]
[Round "11"]
[White "GMJustin"]
[Black "annacramling"]
[Result "1-0"]
[WhiteElo "2284"]
[BlackElo "2116"]
[TimeControl "180+1"]
[EndTime "12:05:28 PST"]
[Termination "GMJustin won on time"]

1. e4 c5 2. Nf3 e6 3. d4 cxd4 4. Nxd4 Nf6 5. Nc3 Nc6 6. a3 a6 7. Nxc6 bxc6 8. e5 Nd5 9. Ne4 Qc7 10. f4 Be7 11. c4 Nb6 12. Nd6+ Bxd6 13. exd6 Qd8 14.
Qd4 O-O 15. Bd3 c5 16. Qxc5 Bb7 17. O-O Rc8 18. Qd4 Na4 19. b4 Qb6 20. Qxb6 Nxb6 21. c5 Nd5 22. Bd2 f6 23. Rfc1 e5 24. a4 Nxf4 25.
Bxf4 exf4 26. b5 axb5 27. axb5 Rfe8 28. Ra7 Bd5 29. Rxd7 Re3 30. Bf1 f3 31. c6 fxg2 32. Bxg2 Bxg2 33. Kxg2 Rb3 34. c7 Rb2+ 35. Kg1 1-0